 Dungeon Crawl Stone Soup version 0.20.0-4-g10b340a (webtiles) character file.

507 MDvedh the Spear-Bearer (level 6, -1/47 HPs)
             Began as a Minotaur Venom Mage on May 27, 2017.
             Was a Follower of Okawaru.
             Slain by an ogre
             ... wielding a +0 giant spiked club
              (13 damage)
             ... on level 4 of the Dungeon.
             The game lasted 00:06:25 (4353 turns).

MDvedh the Spear-Bearer (Minotaur Venom Mage)       Turns: 4353, Time: 00:06:25

Health: -1/47      AC: 12    Str: 14    XL:     6   Next: 97%
Magic:  7/7        EV: 11    Int: 12    God:    Okawaru [*.....]
Gold:   250        SH:  0    Dex: 11    Spells: 6/7 levels left

rFire    . . .     SeeInvis .   l - +0 trident
rCold    . . .     Gourm    .   (no shield)
rNeg     . . .     Faith    .   q - +0 ring mail
rPois    .         Spirit   .   w - +2 hat
rElec    .         Reflect  .   y - +1 cloak {MR+}
rCorr    .         Harm     .   r - +2 pair of gloves
MR       +....                  (no boots)
Stlth    +.........             (no amulet)
Regen    0.2/turn               (no ring)
MPRegen  0.1/turn               (no ring)

@: no status effects
A: retaliatory headbutt, horns 2
a: Heroism, Renounce Religion


You were on level 4 of the Dungeon.
You worshipped Okawaru.
Okawaru was aware of your devotion.
You were not hungry.

You visited 1 branch of the dungeon, and saw 4 of its levels.
You also visited: Sewer.

You collected 250 gold pieces.

Inventory:

Hand Weapons
 i - a +0 short sword
 l - a +0 trident (weapon)
Armour
 a - a +0 robe
 q - a +0 ring mail (worn)
 r - a +2 pair of gloves (worn)
 w - a +2 hat (worn)
 y - a +1 cloak of magic resistance (worn)
Jewellery
 n - an uncursed ring of fire
Wands
 p - a wand of paralysis (14/24)
Scrolls
 e - a scroll of identify
Potions
 d - 3 potions of curing
 f - 2 potions of flight
 g - a potion of resistance
 j - a potion of magic {unknown}
 k - a potion of ambrosia
 m - 3 potions of brilliance
 o - a potion of agility
 s - a potion of lignification {unknown}
 u - a potion of mutation {unknown}
 v - 4 potions of heal wounds
 x - a potion of might {unknown}
Books
 b - a Young Poisoner's Handbook

   Spells                             Type                      Level
   a - Sting                          Conjuration/Poison           1
   b - Poisonous Vapours              Poison/Air                   2
   c - Mephitic Cloud                 Conjuration/Poison/Air       3
   d - Olgreb's Toxic Radiance        Poison                       4
   e - Venom Bolt                     Conjuration/Poison           5
Comestibles
 c - 3 bread rations
 h - a meat ration
 t - 3 fruits


   Skills:
 - Level 1.4 Fighting
 + Level 8.2 Polearms
 - Level 1.7 Armour
 - Level 2.1 Dodging
 - Level 1.5 Stealth
 - Level 1.3 Spellcasting
 - Level 0.6 Conjurations
 - Level 2.1 Poison Magic


You had 6 spell levels left.
You knew the following spells:

 Your Spells              Type           Power        Failure   Level  Hunger
a - Sting                 Conj/Pois      #...         32%         1    ##.....


Dungeon Overview and Level Annotations

Branches:
Dungeon (4/15)             Temple (0/1) D:4

Altars:
Cheibriados
Okawaru


Innate Abilities, Weirdness & Mutations

You reflexively headbutt those who attack you in melee.
You have a pair of horns on your head.


Message History

You reach to attack!
You puncture the ogre!
The ogre is heavily wounded.
You completely miss the ogre. You headbutt the ogre.
The ogre is heavily wounded.
The ogre hits you with a giant spiked club!
You hit the ogre.
You headbutt the ogre, but do no damage.
The ogre is heavily wounded.
Your ring mail prevents you from hitting the ogre.
The ogre is heavily wounded.
The ogre hits you with a giant spiked club!!
* * * LOW HITPOINT WARNING * * *
You are too injured to fight recklessly!
You are too injured to fight recklessly!
You are too injured to fight recklessly!
You are too injured to fight recklessly!
You hit the ogre.
The ogre is severely wounded.
The ogre hits you with a giant spiked club!
You die...

###..#
#.##..)..#
....##
#.##..§..##
.####
#.##.§....#
.#
#..#......#
.#
##.###.##.#
.# . #....#
.#
..#####!##
##
.........#
.......@.#
.......O.#
.........#
......=..#
.........#
.........#
..>......#
.........#


You could see an ogre.

Vanquished Creatures
  An ogre (D:4)
  A big kobold (Sewer)
  A hound (D:4)
  Crazy Yiuf (D:4)
  An orc priest (D:4)
  Ijyb (D:4)
  A worker ant (D:4)
  Robin (D:3)
  6 adders
  4 gnolls (D:4)
  2 dart slugs
  A leopard gecko (D:3)
  8 orcs
  5 giant cockroaches
  10 goblins
  8 hobgoblins
  4 quokkas
  18 bats
  7 frilled lizards
  15 kobolds
  6 rats
102 creatures vanquished.

Notes
Turn   | Place    | Note
-------+----------+-------------------------------------------
     0 | D:1      | MDvedh the Minotaur Venom Mage began the quest for the Orb.
     0 | D:1      | Reached XP level 1. HP: 14/14 MP: 1/1
   189 | D:1      | Reached skill level 1 in Fighting
   321 | D:1      | Reached skill level 1 in Armour
   448 | D:1      | Found a snail-covered altar of Cheibriados.
   458 | D:1      | Reached XP level 2. HP: 23/23 MP: 3/3
   773 | D:2      | Reached skill level 1 in Polearms
  1089 | D:2      | Found an iron altar of Okawaru.
  1103 | D:2      | Became a worshipper of Warmaster Okawaru
  1154 | D:2      | Reached skill level 2 in Polearms
  1154 | D:2      | Reached XP level 3. HP: 19/28 MP: 4/4
  1564 | D:3      | Reached skill level 3 in Polearms
  1579 | D:3      | Noticed Robin
  1591 | D:3      | Killed Robin
  1593 | D:3      | Reached XP level 4. HP: 13/35 MP: 5/5
  1608 | D:3      | HP: 1/35 [hobgoblin/club[Robin] (3)]
  2083 | D:3      | Reached skill level 4 in Polearms
  2115 | D:3      | Found a glowing drain.
  2156 | Sewer    | Entered a sewer
  2521 | Sewer    | Noticed a big kobold
  2560 | Sewer    | Killed a big kobold
  2560 | Sewer    | Reached * piety under Okawaru
  2560 | Sewer    | Reached skill level 5 in Polearms
  2560 | Sewer    | Reached XP level 5. HP: 15/40 MP: 6/6
  2977 | D:3      | Found a faded altar of an unknown god.
  3028 | D:3      | Reached skill level 6 in Polearms
  3207 | D:4      | Noticed Ijyb
  3461 | D:4      | Killed Ijyb
  3631 | D:4      | Found a runed door.
  3645 | D:4      | Noticed an ogre
  3653 | D:4      | Killed an ogre
  3653 | D:4      | Reached skill level 7 in Polearms
  3653 | D:4      | Reached XP level 6. HP: 13/47 MP: 7/7
  3892 | D:4      | Noticed Crazy Yiuf
  3903 | D:4      | Killed Crazy Yiuf
  4296 | D:4      | Reached skill level 8 in Polearms
  4328 | D:4      | Found a staircase to the Ecumenical Temple.
  4353 | D:4      | Slain by an ogre

Skill      XL: |  1  2  3  4  5  6 |
---------------+-------------------+-----
Fighting       | 1 |  1.4
Armour         | 1 |  1.7
Polearms       | 2 3 5 7 8 |  8.2
Dodging        | |  2.1
Stealth        | |  1.5
Spellcasting   | |  1.3
Conjurations   | |  0.6
Poison Magic   | |  2.1

Action                   |  1- 3 |  4- 6 || total
-------------------------+-------+-------++-------
Melee: Unarmed           |    21 |    44 ||    65
       Short sword       |    26 |       ||    26
       Headbutt          |    12 |    33 ||    45
       Trident           |    59 |   246 ||   305
Invok: Heroism           |       |     1 ||     1
  Use: Scroll            |     8 |     5 ||    13
  Eat: Chunk             |     2 |     1 ||     3
       Bread ration      |       |     2 ||     2
Armor: Robe              |    13 |       ||    13
       Ring mail         |    25 |   100 ||   125
Dodge: Dodged            |    76 |   158 ||   234
